 Dungeon Crawl Stone Soup version 0.28.0-53-g5a82cb258f (webtiles) character file.

Game seed: 9776812606541949551

510 NoAnimeNoLife the Cudgeller (level 6, -1/47 HPs)
             Began as a Demonspawn Berserker on June 1, 2022.
             Was a Priest of Trog.
             Slain by an ogre
             ... wielding a +0 giant spiked club
              (15 damage)
             ... on level 4 of the Dungeon.
             The game lasted 00:10:41 (4895 turns).

NoAnimeNoLife the Cudgeller (Demonspawn Berserker)  Turns: 4895, Time: 00:10:41

Health: -1/47      AC: 16    Str: 19    XL:     6   Next: 98%
Magic:  6/6        EV:  7    Int:  9    God:    Trog [***...]
Gold:   206        SH:  0    Dex: 12    Spells: 5/5 levels left

rFire   . . .      SeeInvis .   u - +7 spear of Juudd {vorpal, rCorr}
rCold   . . .      Faith    .   (no shield)
rNeg    . . .      Spirit   .   d - +0 chain mail
rPois   +          Reflect  .   (helmet restricted)
rElec   +          Harm     .   (no cloak)
rCorr   +          Rampage  .   (no gloves)
Will    .....                   (no boots)
Stlth   ..........              (no amulet)
HPRegen 0.15/turn               f - ring of poison resistance
MPRegen 0.10/turn               h - +4 ring of protection

@: no status effects
A: antennae 1, thin metallic scales 3, foul stench 1
a: Renounce Religion, Berserk, Trog's Hand


You were on level 4 of the Dungeon.
You worshipped Trog.
Trog was most pleased with you.
You visited 1 branch of the dungeon, and saw 4 of its levels.

You collected 206 gold pieces.

Inventory:

Hand Weapons
 a - a +0 mace
 e - a +1 mace of holy wrath
 k - a +0 club
 n - a +0 flail of protection
 u - the +7 spear of Juudd (weapon) {vorpal, rCorr}
   (You found it on level 4 of the Dungeon)

   It inflicts extra damage upon your enemies.
   rCorr:     It protects you from acid and corrosion.
Armour
 b - a +0 animal skin
 d - a +0 chain mail (worn)
Jewellery
 c - an amulet of magic regeneration
 f - a ring of poison resistance (left hand)
 h - a +4 ring of protection (right hand)
 o - a ring of protection from cold
 v - a ring of fire
Wands
 l - a wand of polymorph (4)
 w - a wand of iceblast (8)
Scrolls
 g - 2 scrolls of brand weapon
 q - a scroll of identify
 s - 2 scrolls of magic mapping
 t - a scroll of torment {unknown}
Potions
 i - a potion of degeneration {unknown}
 j - 2 potions of brilliance
 m - 3 potions of curing {unknown}
 p - a potion of cancellation {unknown}
 r - a potion of resistance {unknown}


   Skills:
 - Level 3.0 Fighting
 - Level 6.8 Maces & Flails
 + Level 2.2 Polearms
 - Level 1.7 Armour
 - Level 1.7 Dodging


You had 5 spell levels left.
You didn't know any spells.
Your spell library was empty.

Dungeon Overview and Level Annotations

Branches:
Dungeon (4/15)
 Temple: D:4-7

Altars:


Innate Abilities, Weirdness & Mutations

You have a pair of small antennae on your head.
You are completely covered in thin metallic scales. (AC +4, rElec)
You may rarely emit foul miasma when damaged in melee.


Message History

You kill the ogre!
Trog accepts your kill.
The iguana bites you but does no damage.
Your Polearms skill increases to level 1!
You hit the iguana.
The iguana is heavily wounded.
The iguana bites you but does no damage.
You hit the iguana.
The iguana is severely wounded.
The iguana bites you but does no damage.
You hit the iguana.
You kill the iguana!
Trog accepts your kill.
Your Polearms skill increases to level 2!
Things that are here:
a +0 giant club; an ogre corpse
w - a wand of iceblast (8)
Found a stone staircase leading down.
Found 30 stones.
Found an escape hatch in the ceiling.
s - 2 scrolls of magic mapping (gained 1)
An ogre comes into view. It is wielding a +0 giant spiked club.
The ogre shouts!
An ogre is nearby!
Found 3 javelins.
The ogre hits you with a +0 giant spiked club!
You hit the ogre.
The ogre is lightly wounded.
The ogre hits you with a +0 giant spiked club.
You emit a cloud of foul miasma!
You puncture the ogre! You punch the ogre.
The ogre is severely wounded.
The ogre is engulfed in dark miasma.
The ogre is poisoned.
You barely miss the ogre.
The ogre is severely wounded.
The ogre hits you with a +0 giant spiked club!
* * * LOW HITPOINT WARNING * * *
The ogre looks more healthy.
The ogre hits you with a +0 giant spiked club!
You die...

#.......#.#.#.#.#.#....
#......................
#.......#.#.#.#.#.#....
#......................
#.......#.#.#.#.#.#....
#......................
#.......#.#.#.#.#.#....
#.......#.......#......
#..##.@.##......#......
#..##.O.##......#......
#........+......#......
#........#......#......
#..##...##......#......
#..##...##......#......
#...............#......
#....>..........#....(.
#(..............#......


You could see an ogre.

Vanquished Creatures
  An ogre (D:4)
  A bullfrog skeleton (D:3)
  2 orc priests (D:3)
  Jessica (D:3)
  An orc wizard (D:4)
  An iguana (D:4)
  Robin (D:3)
  2 gnolls (D:3)
  10 adders
  A white imp (D:4)
  An adder skeleton (D:4)
  A worm (D:4)
  8 dart slugs
  11 orcs
  2 bats
  5 endoplasms
  2 giant cockroaches (D:1)
  8 hobgoblins
  6 jackals
  4 quokkas
  6 ball pythons
  3 frilled lizards
  14 goblins
  9 kobolds
  A quokka skeleton (D:4)
  13 rats
115 creatures vanquished.

Notes
Turn   | Place    | Note
-------+----------+-------------------------------------------
     0 | D:1      | NoAnimeNoLife the Demonspawn Berserker began the quest for
                  | the Orb.
     0 | D:1      | Reached XP level 1. HP: 18/18 MP: 1/1
    59 | D:1      | Reached skill level 3 in Maces & Flails
   110 | D:1      | Gained mutation: You are partially covered in thin metallic
                  | scales. (AC +2) [demonic ancestry]
   110 | D:1      | Reached XP level 2. HP: 24/24 MP: 2/2
   228 | D:1      | Found a faded altar of an unknown god.
   633 | D:1      | Gained mutation: You are mostly covered in thin metallic
                  | scales. (AC +3) [demonic ancestry]
   633 | D:1      | Reached XP level 3. HP: 29/29 MP: 3/3
   641 | D:1      | Reached ** piety under Trog
  1033 | D:1      | Reached skill level 4 in Maces & Flails
  1577 | D:2      | Gained mutation: You are completely covered in thin
                  | metallic scales. (AC +4, rElec) [demonic ancestry]
  1577 | D:2      | Reached XP level 4. HP: 35/35 MP: 4/4
  2401 | D:3      | Noticed Jessica
  2403 | D:3      | Killed Jessica
  2404 | D:3      | Reached skill level 5 in Maces & Flails
  2436 | D:3      | Gained mutation: You have a pair of small antennae on your
                  | head. [demonic ancestry]
  2436 | D:3      | Reached XP level 5. HP: 8/41 MP: 5/5
  2784 | D:3      | Noticed Robin
  2817 | D:3      | Killed Robin
  3154 | D:3      | Reached skill level 6 in Maces & Flails
  3169 | D:3      | Reached *** piety under Trog
  3648 | D:3      | Gained mutation: You may rarely emit foul miasma when
                  | damaged in melee. [demonic ancestry]
  3648 | D:3      | Reached XP level 6. HP: 39/47 MP: 6/6
  4474 | D:4      | Identified the +7 spear of Juudd {vorpal, rCorr}
  4708 | D:4      | Reached skill level 1 in Polearms
  4895 | D:4      | Slain by an ogre

Illustrated notes

Levels and vault maps discovered:
D:1:      lightli_arrival_chessboard, layout_basic,
          shapermc_ecumenical_altar_totnotflames
D:2:      layout_loops_ring, minmay_circle_x
D:3:      minmay_razor_zed, layout_loops_ring, minmay_misc_feat_x, uniq_jessica,
          uniq_robin
D:4:      layout_gridville, minmay_temple_entry_fiery, st_stairs_11

Skill      XL: |  1  2  3  4  5  6 |
---------------+-------------------+-----
Maces & Flails | 3 4 5 6 |  6.8
Polearms       | 2 |  2.2
Fighting       | |  3.0
Armour         | |  1.7
Dodging        | |  1.7

Action                   |  1- 3 |  4- 6 || total
-------------------------+-------+-------++-------
Melee: Mace              |   114 |   227 ||   341
       Punch             |       |     7 ||     7
       Spear             |       |    11 ||    11
       Flail             |       |     8 ||     8
Invok: Berserk           |     2 |     4 ||     6
       Trog's Hand       |       |     3 ||     3
  Use: Scroll            |     1 |     4 ||     5
Armor: Chain mail        |   101 |   205 ||   306
Dodge: Dodged            |    65 |   106 ||   171
